 Dungeon Crawl Stone Soup version 0.25.1-2-g60ff931df9 (webtiles) character file.

Game seed: 14692582094625488258

181 funkygono the Covered (level 5, -3/33 HPs)
             Began as a Gargoyle Fighter on Sept 1, 2020.
             Slain by a gnoll
             ... wielding a +0 halberd
              (10 damage)
             ... on level 4 of the Dungeon.
             The game lasted 00:06:33 (2492 turns).

funkygono the Covered (Gargoyle Fighter)            Turns: 2492, Time: 00:06:34

Health: -3/33      AC: 17    Str: 21    XL:     5   Next: 61%
Magic:  5/5        EV:  8    Int:  8    God:
Gold:   200        SH:  0    Dex:  9    Spells: 4/4 levels left

rFire    + . .     SeeInvis .   u - +1 great mace
rCold    x . .     Gourm    .   (shield currently unavailable)
rNeg     + . .     Faith    .   q - +0 chain mail
rPois    ∞         Spirit   .   j - +1 helmet
rElec    +         Reflect  .   (no cloak)
rCorr    .         Harm     .   h - +1 pair of gloves
MR       .....                  (no boots)
Stlth    ..........             (no amulet)
HPRegen  0.11/turn              t - ring of fire
MPRegen  0.09/turn              (no ring)

@: no status effects
A: negative energy resistance 1, electricity resistance, unbreathing,
petrification resistance, rot immunity, AC +4
a: no special abilities


You were on level 4 of the Dungeon.
You were not hungry.

You visited 1 branch of the dungeon, and saw 4 of its levels.

You collected 200 gold pieces.

Inventory:

Hand Weapons
 a - a +1 flail
 u - a +1 great mace (weapon)
Missiles
 e - 73 bolts
 i - 69 arrows
Armour
 b - a +0 scale mail
 c - a +0 kite shield
 h - a +1 pair of gloves (worn)
 j - a +1 helmet (worn)
 q - a +0 chain mail (worn)
Jewellery
 t - a ring of fire (left hand)
Scrolls
 p - 2 scrolls of magic mapping
 r - 2 scrolls of amnesia
 s - a scroll of teleportation {unknown}
Potions
 d - a potion of might
 k - 4 potions of curing
 l - a potion of flight {unknown}
 m - a potion of degeneration {unknown}
 n - 2 potions of cancellation {unknown}
 o - a potion of resistance {unknown}
 v - a potion of lignification {unknown}
Comestibles
 f - 9 rations
 g - a chunk of flesh


   Skills:
 + Level 4.1 Fighting
 + Level 4.0 Maces & Flails
 + Level 4.2 Armour
 + Level 1.2 Dodging
 + Level 0.5 Stealth
 - Level 3.2 Shields


You had 4 spell levels left.
You didn't know any spells.
Your spell library was empty.

Dungeon Overview and Level Annotations

Branches:
Dungeon (4/15)
 Temple: D:4-7

Altars:
Fedhas
Xom


Innate Abilities, Weirdness & Mutations

You are resistant to torment.
Your stone body is resilient. (AC +4)
You are immune to poison.
You resist negative energy. (rN+)
You are resistant to electric shocks. (rElec)
You can survive without breathing.
You are immune to petrification.
You are immune to rotting.


Message History

The gnoll hits you from afar with a +0 halberd!
You closely miss the adder. The adder bites you but does no damage.
The gnoll hits you but does no damage. x2; The gnoll barely misses you.
The adder bites you but does no damage. The gnoll hits you but does no damage.
You closely miss the adder. The adder barely misses you.
The gnoll hits you from afar with a +0 halberd.
The gnoll barely misses you. The gnoll hits you but does no damage.
The adder barely misses you.
You sock the adder!
You kill the adder!
The gnoll hits you but does no damage.
The gnoll hits you from afar with a +0 spear.
The gnoll barely misses you. The gnoll hits you but does no damage.
The gnoll hits you from afar with a +0 halberd.
The gnoll barely misses you.
The gnoll hits you from afar with a +0 halberd.
The gnoll hits you with a +0 halberd.
* * * LOW HITPOINT WARNING * * *
The gnoll hits you from afar with a +0 halberd!
You die...

#......##......................
#......##.##....#.######.##....
#......##.##....#.######.#..#..
#..........................##.#
#..........#....#.....#######.#
#......##..#....#....# #.#
#......÷.....####....# #+#
#########..######.##.#
........>..gg@......#
###########...#####.#.##
....................#
##.....###...#######
#>....##.........
#.........####### #.....#..##
#....g#<.... #.....#######


You could see 2 gnolls.

Vanquished Creatures
  A worker ant (D:4)
  8 adders
  A worm (D:2)
  3 dart slugs
  3 leopard geckos
  2 orcs (D:3)
  A ball python (D:1)
  2 giant cockroaches (D:2)
  9 goblins
  11 hobgoblins
  2 jackals (D:2)
  8 kobolds
  A quokka (D:3)
  6 bats
  A frilled lizard (D:2)
  11 rats
70 creatures vanquished.

Notes
Turn   | Place    | Note
-------+----------+-------------------------------------------
     0 | D:1      | funkygono the Gargoyle Fighter began the quest for the Orb.
     0 | D:1      | Reached XP level 1. HP: 14/14 MP: 1/1
   170 | D:1      | Reached XP level 2. HP: 15/19 MP: 2/2
   666 | D:1      | Reached XP level 3. HP: 23/23 MP: 3/3
  1302 | D:2      | Reached XP level 4. HP: 29/29 MP: 4/4
  1708 | D:3      | Reached skill level 1 in Dodging
  1855 | D:3      | Reached XP level 5. HP: 33/33 MP: 5/5
  1871 | D:3      | Found a blossoming altar of Fedhas.
  2135 | D:3      | Found a shimmering altar of Xom.
  2136 | D:3      | Found a shimmering altar of Xom.
  2492 | D:4      | Slain by a gnoll

Illustrated notes

Levels and vault maps discovered:
D:1:      lightli_molten_gateway, layout_basic
D:2:      layout_loops_ring, first_ration
D:3:      layout_basic, lemuel_coloured_pillars_altar, xom_redecorated
D:4:      minmay_octagon_keep, layout_basic, minmay_temple_entry_crystal_x,
          lemuel_angel_altar

Skill      XL: |  1  2  3  4  5 |
---------------+----------------+-----
Maces & Flails | 3 4 |  4.0
Armour         | 4 |  4.2
Dodging        | 1 |  1.2
Fighting       | 4 |  4.1
Stealth        | |  0.5
Shields        | |  3.2

Action                   |  1- 3 |  4- 6 || total
-------------------------+-------+-------++-------
Melee: Flail             |   192 |    97 ||   289
       Great mace        |       |    52 ||    52
  Use: Scroll            |     2 |     5 ||     7
  Eat: Chunk             |     2 |     4 ||     6
Armor: Scale mail        |   126 |       ||   126
       Chain mail        |       |   129 ||   129
Dodge: Dodged            |    78 |    89 ||   167
Block: Kite shield       |   105 |    49 ||   154
